 Dungeon Crawl Stone Soup version 0.19-a0-1817-ga09e929 (webtiles) character file.

50 Ryco the Firebug (level 3, -4/19 HPs)
             Began as a Deep Elf Fire Elementalist on Oct 5, 2016.
             Was an Initiate of Vehumet.
             Killed from afar by an orc wizard (13 damage)
             ... with a puff of flame
             ... on level 3 of the Dungeon.
             The game lasted 00:07:54 (975 turns).

Ryco the Firebug (Deep Elf Fire Elementalist)        Turns: 975, Time: 00:07:54

Health: -4/19      AC:  2    Str:  5    XL:     3   Next: 55%
Magic:  9/25       EV: 13    Int: 20    God:    Vehumet [......]
Gold:   70         SH:  0    Dex: 15    Spells: 2 memorised, 5 levels left

rFire  . . .     SeeInvis .     b - staff of power
rCold  . . .     Gourm    .     m - +0 robe
rNeg   . . .     Faith    .     (no shield)
rPois  .         Spirit   .     (no helmet)
rElec  .         Dismiss  .     (no cloak)
rCorr  .         Reflect  .     (no gloves)
MR     .....     Harm     .     (no boots)
Stlth  ++........               (no amulet)
                                (no ring)
                                (no ring)

@: no status effects
A: no striking features
a: Renounce Religion


You were on level 3 of the Dungeon.
You worshipped Vehumet.
Vehumet was noncommittal.
You were not hungry.

You visited 2 branches of the dungeon, and saw 5 of its levels.

You collected 70 gold pieces.

Inventory:

Hand Weapons
 a - a +0 short sword of venom
 d - a +1 short sword of flaming
Armour
 m - a +0 robe (worn)
Magical Staves
 b - an uncursed staff of power (weapon)
Wands
 h - a wand of flame (37/48)
Scrolls
 o - a scroll of fear
Potions
 i - a potion of agility
 k - 2 potions of curing
 n - a potion of resistance
Books
 e - a book of Minor Magic

   Spells                             Type                      Level
   a - Magic Dart                     Conjuration                  1
   b - Blink                          Translocation                2
   c - Call Imp                       Summoning                    2
   d - Repel Missiles                 Charms/Air                   2
   e - Slow                           Hexes                        2
   f - Conjure Flame                  Conjuration/Fire             3
   g - Mephitic Cloud                 Conjuration/Poison/Air       3
 g - a book of Flames

   Spells                             Type                      Level
   a - Flame Tongue                   Conjuration/Fire             1
   b - Throw Flame                    Conjuration/Fire             2
   c - Conjure Flame                  Conjuration/Fire             3
   d - Inner Flame                    Hexes/Fire                   3
   e - Sticky Flame                   Conjuration/Fire             4
   f - Fireball                       Conjuration/Fire             5
Comestibles
 c - 2 bread rations
 j - a meat ration
 l - a slice of pizza


   Skills:
 + Level 2.8 Dodging
 - Level 2.4 Stealth
 + Level 3.5 Spellcasting
 * Level 2.1 Conjurations
 + Level 4.1 Fire Magic


You had 5 spell levels left.
You knew the following spells:

 Your Spells              Type           Power        Failure   Level  Hunger
a - Flame Tongue          Conj/Fire      ###..        3%          1    None
c - Conjure Flame         Conj/Fire      ###.....     12%         3    ###....


Dungeon Overview and Level Annotations

Branches:
Dungeon (4/15)             Temple (1/1) D:4

Altars:
Ashenzari
Cheibriados
Fedhas
Hepliaklqana
Nemelex Xobeh
Qazlal
Trog
Uskayaw
Vehumet
Xom
Yredelemnul
Zin

Shops:
D:4 }

Annotations:
D:4 Atkozott's ghost, novice OgBe


Message History

Aiming: Conjure Flame
Press: ? - help, Dir - move target cursor You see a ghostly outline there, and the spell fizzles.
Something hits you.
Casting: Conjure Flame
Confirm with . or Enter, or press ? or * to list all spells.
You can't see any susceptible monsters within range! (Use Z to cast anyway.) Unknown command.
Unknown command.
Casting: Conjure Flame
Confirm with . or Enter, or press ? or * to list all spells.
Aiming: Flame Tongue
Press: ? - help, Shift-Dir - straight line The flame tongue hits something.
Something hits you. Something hits you but does no damage.
You hear some strange, mumbled words.
A puff of flame appears from out of thin air!
The puff of flame hits you!
Ouch! That really hurt!
You die...

#.#..# . #.#..## .## #####
#.#...# ..# ...# #.#.#.#
#.# #.####.#.#.#
#.#########........#.#
#....)......[....###.#
#.####..######............
#.......######@###########
######........)#
###########


There were no monsters in sight!

Vanquished Creatures
  An adder (D:3)
  2 worms (D:2)
  A leopard gecko (D:1)
  7 orcs (D:3)
  A kobold (D:3)
  3 quokkas (D:3)
  2 ball pythons
  7 bats
  2 frilled lizards
  4 rats
30 creatures vanquished.

Notes
Turn   | Place    | Note
-------+----------+-------------------------------------------
     0 | D:1      | Ryco the Deep Elf Fire Elementalist began the quest for the Orb.
     0 | D:1      | Reached XP level 1. HP: 10/10 MP: 6/6
   168 | D:2      | Reached XP level 2. HP: 15/15 MP: 2/8
   345 | D:4      | Found Murche Ynuwys's Gadget Shop.
   360 | D:4      | Found a staircase to the Ecumenical Temple.
   365 | Temple   | Entered the Ecumenical Temple
   378 | Temple   | Became a worshipper of Vehumet
   424 | D:4      | Noticed Atkozott's ghost (novice OgBe)
   735 | D:2      | Reached XP level 3. HP: 19/19 MP: 9/9
   740 | D:2      | Learned a level 3 spell: Conjure Flame
   835 | D:2      | Reached skill level 4 in Fire Magic
   975 | D:3      | Killed from afar by an orc wizard

Vault maps used:
D:1:      matt_arrival_los_fun, cheibriados_altar_1
D:2:      uniq_iyjb
D:3:      uniq_crazy_yiuf_cottage
D:4:      corexii_shack_village, serial_shops, shop, first_bread
Temple:   compressed_dpeg_triangle_lava_temple

Skill      XL: |  1  2  3 |
---------------+----------+-----
Conjurations   | 2 |  2.1
Fire Magic     | 4 |  4.1
Dodging        | |  2.8
Stealth        | |  2.4
Spellcasting   | |  3.5

Action                   || total
-------------------------++-------
Melee: Staff             ||     1
 Cast: Flame Tongue      ||    62
       Conjure Flame     ||     2
  Use: Scroll            ||     6
Armor: Robe              ||     7
Dodge: Dodged            ||    13
